 Dungeon Crawl Stone Soup version 0.32-a0-306-gfed3edf829 (webtiles) character file.

Game seed: 17781852315546518960

232 PriceMaster the Digger (level 6, 0/37 HPs)
             Began as an Octopode Earth Elementalist on Feb 15, 2024.
             Slain by an orc priest
             ... wielding a +1 dagger of protection
              (3 damage)
             ... on level 4 of the Dungeon.
             The game lasted 00:05:00 (3275 turns).

PriceMaster the Digger (OpEE)                       Turns: 3275, Time: 00:05:00

Health: 0/37       AC:  1    Str:  9    XL:     6   Next: 4%
Magic:  0/11       EV: 13    Int: 18    God:
Gold:   42         SH:  0    Dex: 12    Spells: 4/11 levels left

rFire   + . .        t - +0 halberd
rCold   . . .        (shield currently unavailable)
rNeg    . . .        (helmet restricted)
rPois   .            (no amulet)
rElec   .            n - ring of flight
rCorr   .            s - ring of protection from fire
SInv    .            (no ring)
Will    .....        (no ring)
Stlth   +++          (no ring)
HPRegen 0.26/turn    (no ring)
MPRegen 0.12/turn    (no ring)
                     (no ring)

%: no passive effects
@: flying
A: almost no armour, amphibious, 8 rings, camouflage 1, gelatinous body 1,
(nimble swimmer 1), tentacles
a: Convert to Beogh


You were on level 4 of the Dungeon.
You visited 1 branch of the dungeon, and saw 4 of its levels.

You collected 108 gold pieces.
You spent 66 gold pieces at shops.

Inventory:

Hand Weapons
 b - a +0 spear
 t - a +0 halberd (weapon)
Jewellery
 n - a ring of flight (left tentacle)
 s - a ring of protection from fire (right tentacle)
Scrolls
 d - a scroll of fog
 i - a scroll of enchant armour
 j - a scroll of vulnerability
 l - 5 scrolls of teleportation
 m - a scroll of enchant weapon {unknown}
 p - a scroll of summoning {unknown}
 r - a scroll of revelation {unknown}
 u - a scroll of brand weapon {unknown}
Potions
 a - a potion of magic
 c - a potion of heal wounds
 e - a potion of might
 f - a potion of curing {unknown}
 g - 3 potions of haste {unknown}
 h - a potion of attraction {unknown}
 k - a potion of mutation {unknown}
 o - a potion of berserk rage {unknown}
 q - 2 potions of invisibility {unknown}


   Skills:
 + Level 0.3 Fighting
 + Level 1.0 Polearms
 + Level 2.2 Dodging
 + Level 3.9 Stealth
 + Level 3.4 Spellcasting
 + Level 1.1 Conjurations
 + Level 4.8 Earth Magic


You had 4 spell levels left.
You knew the following spells:

 Your Spells              Type           Power      Damage    Failure   Level
a - Sandblast             Erth           40%        2d10      2%          1
b - Stone Arrow           Conj/Erth      26%        3d8       14%         3
c - Dazzling Flash        Conj/Hex       10%        N/A       36%         3

Your spell library contained the following spells:

 Spells                   Type           Power      Damage    Failure   Level
 Passwall                 Erth           20%        N/A       6%          3
 Call Imp                 Summ           6%         N/A       24%         2
 Ensorcelled Hibernation  Hex/Ice        6%         N/A       24%         2
 Sublimation of Blood     Necr           3%         N/A       24%         2
 Mephitic Cloud           Conj/Alch/Air  4%         N/A       36%         3
 Brom's Barrelling Bould  Conj/Erth      13%        2d4       41%         4
 Fugue of the Fallen      Necr           3%         N/A       43%         3
 Petrify                  Alch/Erth      11%        N/A       50%         4
 Anguish                  Hex/Necr       1%         N/A       83%         4
 Curse of Agony           Necr           3%         N/A       99%         5
 Silence                  Hex/Air        1%         N/A       99%         5
 Summon Hydra             Summ           1%         N/A       100%        7


Dungeon Overview and Level Annotations

Branches:
Dungeon (4/15)
 Temple: D:4-7

Altars:
The Shining One

Shops:
D:1 :   D:3 ?


Innate Abilities, Weirdness & Mutations

You cannot wear most types of armour.
You are amphibious.
You can wear up to eight rings at the same time.
Your skin changes colour to match your surroundings (Stealth+).
Your rubbery body absorbs attacks. (AC +1, EV +1)
((You are camouflaged when in or above water. (Stealth+)))
You have tentacles for arms and can constrict up to eight enemies at once.


Message History

The orc priest hits you with a +1 dagger of protection.
The orc priest threatens, "Beogh's wrath is as vast as their mercy.
Make your choice!" (press Y on the ability menu to convert to Beogh)
You hit the orc priest but do no damage.
The orc priest shouts, "The Pantheon deserves no one's loyalty.
Let us show you the true path!"
You grab the orc priest.
You squeeze the orc priest, but do no damage.
You constrict the orc priest, but do no damage.
The orc priest hits you with a +1 dagger of protection.
The orc priest barely misses you.
You hit the orc priest but do no damage.
The orc priest shouts, "The Pantheon deserves no one's loyalty.
Let us show you the true path!"
You squeeze the orc priest.
The orc priest is lightly wounded.
You constrict the orc priest, but do no damage.
The orc priest hits you with a +1 dagger of protection.
You hit the orc priest.
The orc priest is lightly wounded.
You constrict the orc priest.
The orc priest hits you with a +1 dagger of protection. x2
* * * LOW HITPOINT WARNING * * *
You hit the orc priest.
You squeeze the orc priest, but do no damage.
The orc priest is severely wounded.
You constrict the orc priest, but do no damage.
The orc priest hits you with a +1 dagger of protection.
* * * LOW HITPOINT WARNING * * *
Casting: Sandblast (safe; 2% risk of failure)
Confirm with . or Enter, or press ? or * to list all spells.
Aiming: Sandblast (safe; 2% risk of failure)
Press: ? - help, Shift-Dir - straight line, f/p - orc priest
Aim: an orc priest, wielding a +1 dagger of protection and wearing a +0 ring mail (severely wounded, constricted by you, 100% to hit)
The blast of sand hits the orc priest but does no damage.
The orc priest is severely wounded.
You constrict the orc priest, but do no damage.
The orc priest hits you with a +1 dagger of protection.
* * * LOW HITPOINT WARNING * * *
The orc priest shouts, "Surrender to Beogh and we'll let you live!"
The orc priest hits you with a +1 dagger of protection.
You die...

... #. ..... #.
#.#.# #.
#.#.############.
#.#.#.....[......
#
#.#.#/###########
#.###.....#
####..o....#####
......)@.......#
####.)########.#
#. #


You could see an orc priest.

Vanquished Creatures
  A hound (D:4)
  4 gnolls (D:3)
  4 adders
  2 ribbon worms (D:2)
  A dart slug (D:1)
  6 orcs (D:4)
  4 endoplasms
  4 giant cockroaches
  7 hobgoblins
  2 jackals (D:2)
  3 quokkas (D:2)
  4 ball pythons
  5 bats
  2 frilled lizards
  5 goblins
  4 kobolds
  9 rats
67 creatures vanquished.

Notes
Turn   | Place    | Note
-------+----------+-------------------------------------------
     0 | D:1      | PriceMaster the Octopode Earth Elementalist began the quest
                  | for the Orb.
     0 | D:1      | Reached XP level 1. HP: 11/11 MP: 3/3
   209 | D:1      | Reached XP level 2. HP: 10/17 MP: 5/5
   298 | D:1      | Found Alilavaure's Vocational Training.
   915 | D:2      | Reached XP level 3. HP: 21/21 MP: 4/6
   919 | D:2      | Learned a level 3 spell: Stone Arrow
  1337 | D:2      | Reached XP level 4. HP: 10/27 MP: 0/7
  1535 | D:2      | Reached skill level 4 in Earth Magic
  2088 | D:3      | Found a glowing golden altar of the Shining One.
  2190 | D:3      | Reached XP level 5. HP: 31/31 MP: 1/9
  2200 | D:3      | Learned a level 3 spell: Dazzling Flash
  2522 | D:3      | Reached skill level 1 in Polearms
  2622 | D:3      | Found Keimec's Magic Scroll Emporium.
  2712 | D:3      | Bought a scroll of identify for 22 gold pieces
  2712 | D:3      | Bought a scroll of identify for 22 gold pieces
  2712 | D:3      | Bought a scroll of identify for 22 gold pieces
  3269 | D:4      | Reached XP level 6. HP: 32/37 MP: 1/11
  3275 | D:4      | Slain by an orc priest

Illustrated notes

Levels and vault maps discovered:
D:1:      nagdon_arrival_zigzag_paths, layout_loops_ring, grunt_decor_arrowhead,
          chequers_hall_statues_wall_a, nicolae_shop_vocational
D:2:      layout_loops_ring
D:3:      layout_basic, general_overflow_altar, serial_shops, shop,
          hangedman_decor_peaks_small, fountainhead, kennysheep_generic_room_11
D:4:      layout_loops_ring, mainiacjoe_overflow_brackets,
          chequers_temple_overflow_statue_of_worship

Skill      XL: |  1  2  3  4  5 |
---------------+----------------+-----
Stealth        | 3 |  3.9
Earth Magic    | 4 |  4.8
Spellcasting   | 3 |  3.4
Polearms       | 1 |  1.0
Fighting       | |  0.3
Dodging        | |  2.2
Conjurations   | |  1.1

Action                     |  1- 3 |  4- 6 || total
---------------------------+-------+-------++-------
  Melee: Spear             |    17 |     2 ||    19
         Tentacles         |     4 |     5 ||     9
         Constrict         |     4 |     3 ||     7
         Halberd           |       |    12 ||    12
   Cast: Sandblast         |    32 |    34 ||    66
         Stone Arrow       |     2 |    15 ||    17
         Dazzling Flash    |       |     2 ||     2
    Use: Scroll            |       |     6 ||     6
   Stab: Sleeping          |     3 |     2 ||     5
 Armour: Skin              |    11 |    16 ||    27
  Dodge: Dodged            |    21 |    10 ||    31

Table legend: (Time is in decaauts)
 A = Elapsed time spent in this place.
 B = Non-inter-level travel time spent in this place.
 C = Inter-level travel time spent in this place.
 D = Time resting spent in this place.
 E = Time spent auto-exploring this place.
 F = Levels seen in this place.
 G = Mean time per level.
                   A        B        C        D        E       F      G
               +--------+--------+--------+--------+--------+-----+--------+
         Total |   3311 |   3190 |    121 |     79 |   2664 |   4 |  827.8 |
       Dungeon |   3311 |   3190 |    121 |     79 |   2664 |   4 |  827.8 |
               +--------+--------+--------+--------+--------+-----+--------+

Top non-repeatable levels by time:
     D:3: 1099 daAuts
     D:2: 1098 daAuts
     D:1: 918 daAuts
     D:4: 195 daAuts
